 Dungeon Crawl Stone Soup version 0.30-a0-159-g068b764562 (webtiles) character file.

Game seed: 6407531006889329252

319 Iusername the Covered (level 6, -2/55 HPs)
             Began as a Minotaur Fighter on Sept 27, 2022.
             Slain by a lemure (7 damage)
             ... led by Pikel
             ... on level 4 of the Dungeon.
             The game lasted 00:04:21 (3890 turns).

Iusername the Covered (Minotaur Fighter)            Turns: 3890, Time: 00:04:22

Health: -2/55      AC:  7    Str: 18 (20) XL:     6   Next: 21%
Magic:  5/5        EV:  9    Int:  2 (5)  God:
Gold:   191        SH:  4    Dex: 10 (12) Spells: 5/5 levels left

rFire   . . .      SeeInvis .    a - +0 trident
rCold   . . .      Faith    .    c - +0 buckler
rNeg    . . .      Spirit   .    b - +0 scale mail
rPois   .          Reflect  .    (helmet restricted)
rElec   .          Harm     .    (no cloak)
rCorr   .          Rampage  .    (no gloves)
Will    .....                    (no boots)
Stlth   ..........               (no amulet)
HPRegen 0.18/turn                (no ring)
MPRegen 0.09/turn                (no ring)

@: no status effects
A: horns 2, retaliatory headbutt
a: no special abilities


You were on level 4 of the Dungeon.
You visited 1 branch of the dungeon, and saw 4 of its levels.

You collected 191 gold pieces.

Inventory:

Hand Weapons
 a - a +0 trident (weapon)
Armour
 b - a +0 scale mail (worn)
 c - a +0 buckler (worn)
Jewellery
 u - an amulet of faith
Wands
 d - a wand of roots (5)
 p - a wand of flame (21)
Scrolls
 e - 2 scrolls of immolation
 f - a scroll of acquirement {unknown}
 g - a scroll of teleportation {unknown}
 h - a scroll of fear
 l - a scroll of magic mapping {unknown}
 o - a scroll of noise
 r - 2 scrolls of amnesia {unknown}
 t - a scroll of enchant armour {unknown}
 v - a scroll of blinking {unknown}
Potions
 i - 2 potions of resistance {unknown}
 j - a potion of haste {unknown}
 k - 2 potions of curing
 m - 2 potions of attraction {unknown}
 q - 3 potions of degeneration
 s - a potion of mutation {unknown}


   Skills:
 + Level 4.8 Fighting
 + Level 4.5 Polearms
 + Level 5.6 Armour
 + Level 1.7 Dodging
 + Level 0.7 Stealth
 + Level 4.4 Shields


You had 5 spell levels left.
You didn't know any spells.
Your spell library contained the following spells:

 Spells                   Type           Power      Damage    Failure   Level
 Shock                    Conj/Air       0%         1d3       94%         1
 Summon Small Mammal      Summ           0%         N/A       94%         1
 Call Canine Familiar     Summ           0%         N/A       100%        3
 Summon Guardian Golem    Hex/Summ       0%         N/A       100%        3
 Swiftness                Air            0%         N/A       100%        3
 Airstrike                Air            0%         2d(0-16)  100%        4
 Summon Forest            Summ/Tloc      0%         N/A       100%        5
 Eringya's Noxious Bog    Tmut/Pois      0%         N/A       100%        6
 Malign Gateway           Summ/Tloc      0%         N/A       100%        7
 Summon Hydra             Summ           0%         N/A       100%        7
 Summon Horrible Things   Summ           0%         N/A       100%        8


Dungeon Overview and Level Annotations

Branches:
Dungeon (4/15)
 Temple: D:4-7

Altars:
Hepliaklqana
Uskayaw

Annotations:
D:4 Pikel


Innate Abilities, Weirdness & Mutations

You have a pair of horns on your head.
You reflexively headbutt those who attack you in melee.


Message History

You closely miss Pikel. Your headbutt misses Pikel. Pikel barely misses you.
You closely miss Pikel.
Pikel zaps a wand.
The puff of flame hits you!
You hit Pikel. You headbutt Pikel!
Pikel is moderately wounded.
Pikel closely misses you. You furiously retaliate!
You headbutt Pikel! The lemure hits you. x2
Pikel hits you with a +2 whip of electrocution.
You hit Pikel but do no damage.
Pikel is heavily wounded.
The lemure hits you but does no damage. You block Pikel's attack.
You hit Pikel.
Pikel is heavily wounded.
The lemure closely misses you.
Pikel hits you with a +2 whip of electrocution.
You hit Pikel.
Pikel is heavily wounded.
Pikel hits you with a +2 whip of electrocution!
* * * LOW HITPOINT WARNING * * *
The lemure barely misses you.
You puncture Pikel! Your headbutt misses Pikel.
Pikel is severely wounded.
You block Pikel's attack. The lemure hits you but does no damage.
You feel better. The lemure hits you.
Pikel says, "You'll feel the lick of my whip!"
Pikel hits you with a +2 whip of electrocution.
You hit Pikel. Your headbutt misses Pikel.
Pikel is almost dead.
Pikel zaps a wand.
The puff of flame hits you!
* * * LOW HITPOINT WARNING * * *
You block the lemure's attack.
You hit Pikel. You headbutt Pikel, but do no damage.
Pikel is almost dead.
You block Pikel's attack. The lemure completely misses you.
It was a potion of degeneration.
There was something very wrong with that liquid.
You feel weakened.
You feel dopey.
You feel clumsy.
Pikel zaps a wand.
The puff of flame hits you but does no damage.
The lemure hits you!
You die...

##.......##
#........# ....
##.......## . .
##.......## #..#
##.......# .#.#
##......## ..####
##......###5.....
##..##.##K55#
##..##..@#
##....### #...##
#..## #.## #.#
#<# ..# ###


You could see Pikel and 3 lemures.

Vanquished Creatures
  Eustachio (D:4)
  A lemure (D:4)
  A scorpion (D:4)
  An orc wizard (D:3)
  4 adders
  A worm (D:2)
  5 orcs (D:3)
  8 endoplasms
  3 giant cockroaches
  4 goblins
  8 hobgoblins
  4 quokkas
  5 ball pythons
  5 bats
  5 kobolds
  7 rats
63 creatures vanquished.

Notes
Turn   | Place    | Note
-------+----------+-------------------------------------------
     0 | D:1      | Iusername the Minotaur Fighter began the quest for the Orb.
     0 | D:1      | Reached XP level 1. HP: 19/19 MP: 0/0
   120 | D:1      | Reached XP level 2. HP: 26/27 MP: 1/1
   422 | D:1      | Reached skill level 4 in Armour
   952 | D:2      | Reached XP level 3. HP: 33/33 MP: 2/2
  1490 | D:3      | Reached XP level 4. HP: 36/41 MP: 3/3
  1578 | D:3      | Reached skill level 1 in Dodging
  2078 | D:3      | Found a hazy altar of Hepliaklqana.
  2144 | D:3      | Found a hide-covered altar of Uskayaw.
  2596 | D:4      | Noticed a scorpion
  2615 | D:4      | Killed a scorpion
  2616 | D:4      | Reached skill level 5 in Armour
  2616 | D:4      | Reached XP level 5. HP: 21/47 MP: 4/4
  3193 | D:4      | Noticed Eustachio
  3212 | D:4      | Killed Eustachio
  3213 | D:4      | Reached XP level 6. HP: 28/55 MP: 5/5
  3876 | D:4      | Noticed Pikel
  3890 | D:4      | Slain by a lemure

Illustrated notes

Levels and vault maps discovered:
D:1:      giann_horns, layout_loops_ring, st_stairs_9
D:2:      layout_rooms
D:3:      layout_basic, mainiacjoe_overflow_concentric_impassable,
          mainiacjoe_overflow_alcove_2
D:4:      layout_cave_pods, uniq_eustachio, uniq_crazy_yiuf_cottage, uniq_pikel,
          uniq_edmund

Skill      XL: |  1  2  3  4 |
---------------+-------------+-----
Fighting       | 4 |  4.8
Armour         | 4 5 |  5.6
Shields        | 4 |  4.4
Polearms       | 3 4 |  4.5
Dodging        | 1 |  1.7
Stealth        | |  0.7

Action                   |  1- 3 |  4- 6 || total
-------------------------+-------+-------++-------
Melee: Trident           |   125 |   101 ||   226
       Headbutt          |    11 |     9 ||    20
  Use: Potion            |     1 |     3 ||     4
       Scroll            |       |     3 ||     3
Armor: Scale mail        |    49 |    40 ||    89
Dodge: Dodged            |    53 |    36 ||    89
Block: Buckler           |    20 |    13 ||    33

Table legend: (Time is in decaauts)
 A = Elapsed time spent in this place.
 B = Non-inter-level travel time spent in this place.
 C = Inter-level travel time spent in this place.
 D = Time resting spent in this place.
 E = Time spent auto-exploring this place.
 F = Levels seen in this place.
 G = Mean time per level.
                   A        B        C        D        E       F      G
               +--------+--------+--------+--------+--------+-----+--------+
         Total |   3932 |   3894 |     38 |   1207 |   2133 |   4 |  983.0 |
       Dungeon |   3932 |   3894 |     38 |   1207 |   2133 |   4 |  983.0 |
               +--------+--------+--------+--------+--------+-----+--------+

Top non-repeatable levels by time:
     D:4: 1293 daAuts
     D:3: 1217 daAuts
     D:1: 885 daAuts
     D:2: 535 daAuts
